 Seeded DCSS version 0.31-a0-609-g7bf6ffcfed (webtiles) character file.

Game seed: 3612390645625327883 (custom seed)

221 innerfire43 the Ruffian (level 5, -4/41 HPs)
             Began as a Gnoll Shapeshifter on Aug 21, 2023.
             Killed by divine providence
             ... invoked by an orc priest
              (14 damage)
             ... on level 4 of the Dungeon.
             The game lasted 00:02:18 (2735 turns).

innerfire43 the Ruffian (Gnoll Shapeshifter)        Turns: 2735, Time: 00:02:19

Health: -4/41      AC:  5    Str: 17    XL:     5   Next: 98%
Magic:  7/7        EV: 13    Int:  7    God:
Gold:   883        SH:  0    Dex: 12    Spells: 7/7 levels left

rFire   . .          .
                       - Unarmed
rCold   . . .        (shield currently unavailable)
rNeg    . . .        m - +2 animal skin
rPois   .            n - +0 helmet
rElec   .            (no cloak)
rCorr   .            (no gloves)
SInv    .            (no boots)
Will    .....        (no amulet)
Stlth   +            (no ring)
HPRegen 0.26/turn    (no ring)
MPRegen 0.10/turn

%: no passive effects
@: lethally poisoned (-4 -> -6), flux-form, weak-willed, glowing
A: glow, contaminating, fangs 1, strong nose, distributed training
a: Begin Untransformation


You were on level 4 of the Dungeon.
You were something dangerously unstable.
You visited 1 branch of the dungeon, and saw 4 of its levels.

You collected 883 gold pieces.

Inventory:

Armour
 a - a +0 animal skin
 m - a +2 animal skin (worn)
 n - a +0 helmet (worn)
Talismans
 c - a beast talisman
 d - a flux talisman (active)
Scrolls
 g - 3 scrolls of identify {unknown}
 h - 3 scrolls of summoning {unknown}
 j - 2 scrolls of teleportation {unknown}
 r - a scroll of poison {unknown}
Potions
 b - 2 potions of lignification
 e - a potion of berserk rage {unknown}
 f - 2 potions of enlightenment {unknown}
 k - 2 potions of brilliance {unknown}
 p - 2 potions of haste {unknown}
 q - 2 potions of curing {unknown}


   Skills:
 + Level 3.1 Fighting
 + Level 1.7 Short Blades
 + Level 1.7 Long Blades
 + Level 1.7 Axes
 + Level 1.7 Maces & Flails
 + Level 1.7 Polearms
 + Level 1.7 Staves
 + Level 1.7 Ranged Weapons
 + Level 1.7 Throwing
 + Level 1.7 Armour
 + Level 4.9 Dodging
 + Level 1.7 Stealth
 + Level 1.7 Shields
 + Level 6.7 Unarmed Combat
 + Level 1.7 Spellcasting
 + Level 1.3 Conjurations
 + Level 1.3 Hexes
 + Level 1.3 Summonings
 + Level 1.3 Necromancy
 + Level 1.3 Translocations
 + Level 1.3 Transmutations
 + Level 1.3 Fire Magic
 + Level 1.3 Ice Magic
 + Level 1.3 Air Magic
 + Level 1.3 Earth Magic
 + Level 1.3 Poison Magic
 + Level 2.0 Invocations
 + Level 1.7 Evocations
 + Level 6.6 Shapeshifting


You had 7 spell levels left.
You didn't know any spells.
Your spell library contained the following spells:

 Spells                   Type           Power      Damage    Failure   Level
 Stone Arrow              Conj/Erth      4%         3d7       56%         3
 Animate Armour           Summ/Erth      4%         N/A       92%         4
 Lehudib's Crystal Spear  Conj/Erth      1%         10d2      100%        8


Dungeon Overview and Level Annotations

Branches:
Dungeon (4/15)
 Temple: D:4-7

Altars:
Gozag


Innate Abilities, Weirdness & Mutations

You are something dangerously unstable.
You glow with magical radiation, making you easy to see and hit.
Foes you strike become dangerously contaminated with magical radiation.
You are incapable of wielding weapons or throwing items.
You have very sharp teeth.
Your uncanny sense of smell can sniff out nearby items.
Your experience applies equally to all skills.


Message History

The orc priest closely misses you. The orc closely misses you.
You hit the orc priest.
The orc priest shudders as magic cascades through it!
The orc priest twists and deforms.
The orc priest is almost dead.
The orc priest invokes the aid of Beogh against you.
Pain shoots through your body! The orc misses you.
The orc priest invokes the aid of Beogh against you.
Beogh smites you! The orc attacks as it pursues you!
The orc hits you with a +0 short sword.
You hit the orc.
The orc begins to glow.
Your bite misses the orc.
The orc is severely wounded.
The orc barely misses you.
The orc priest hits you with a +0 hand axe.
You hit the orc but do no damage.
The orc glows dangerously bright.
You bite the orc, but do no damage.
The orc is severely wounded.
You punch the orc!
You kill the orc!
The orc priest closely misses you.
Unknown command.
The orc priest mumbles some strange prayers to Beogh against you.
Beogh smites you!
* * * LOW HITPOINT WARNING * * *
The adder completely misses you.
The orc priest calls upon Beogh to heal something.
The adder bites you but does no damage.
You hear a shout!
The adder attacks as it pursues you! The adder bites you but does no damage.
You hit the adder but do no damage.
The adder begins to glow.
The adder bites you.
* * * LOW HITPOINT WARNING * * *
You are poisoned.
The adder poisons you!
You hit the adder.
The adder glows dangerously bright.
The adder is severely wounded.
You feel sick. The adder misses you.
The orc priest invokes the aid of Beogh against you.
Beogh smites you!
You die...

#......#..#
......#.. ∆
.!..... ....#
#.g.# #r..#
#.J.#
######g##
#..BSo.#
#.######
#......#
#..###.##
#.......#####
#......%......
##..<...######
#......##
#......#.#


You could see an orc priest, a gnoll and an adder (heavy contam).

Vanquished Creatures
  A scorpion (D:3)
  An orc wizard (D:3)
  Robin (D:2)
  6 adders
  A worm (D:3)
  A dart slug (D:2)
  6 orcs
  3 endoplasms (D:1)
  A giant cockroach (D:2)
  6 goblins
  3 hobgoblins (D:2)
  6 jackals
  6 kobolds
  A quokka (D:2)
  6 ball pythons
  3 bats
  12 frilled lizards
  5 rats
69 creatures vanquished.

Notes
Turn   | Place    | Note
-------+----------+-------------------------------------------
     0 | D:1      | innerfire43 the Gnoll Shapeshifter began the quest for the
                  | Orb.
     0 | D:1      | Reached XP level 1. HP: 17/17 MP: 1/1
   284 | D:1      | Found a faded altar of an unknown god.
   346 | D:1      | Reached XP level 2. HP: 23/23 MP: 2/2
   752 | D:2      | Reached XP level 3. HP: 15/28 MP: 3/3
   866 | D:2      | Reached skill level 1 in Invocations
   981 | D:2      | Reached skill level 1 in Short Blades
   981 | D:2      | Reached skill level 1 in Long Blades
   981 | D:2      | Reached skill level 1 in Axes
   981 | D:2      | Reached skill level 1 in Maces & Flails
   981 | D:2      | Reached skill level 1 in Polearms
   981 | D:2      | Reached skill level 1 in Staves
   981 | D:2      | Reached skill level 1 in Ranged Weapons
   981 | D:2      | Reached skill level 1 in Throwing
   981 | D:2      | Reached skill level 1 in Armour
   981 | D:2      | Reached skill level 1 in Stealth
   981 | D:2      | Reached skill level 1 in Shields
   981 | D:2      | Reached skill level 1 in Spellcasting
   981 | D:2      | Reached skill level 1 in Evocations
  1139 | D:2      | Reached XP level 4. HP: 22/34 MP: 5/5
  1386 | D:2      | Noticed Robin
  1396 | D:2      | Killed Robin
  1397 | D:2      | Reached skill level 1 in Conjurations
  1397 | D:2      | Reached skill level 1 in Hexes
  1397 | D:2      | Reached skill level 1 in Summonings
  1397 | D:2      | Reached skill level 1 in Necromancy
  1397 | D:2      | Reached skill level 1 in Translocations
  1397 | D:2      | Reached skill level 1 in Transmutations
  1397 | D:2      | Reached skill level 1 in Fire Magic
  1397 | D:2      | Reached skill level 1 in Ice Magic
  1397 | D:2      | Reached skill level 1 in Air Magic
  1397 | D:2      | Reached skill level 1 in Earth Magic
  1397 | D:2      | Reached skill level 1 in Poison Magic
  1781 | D:3      | Found an opulent altar of Gozag.
  1978 | D:3      | Reached XP level 5. HP: 30/40 MP: 5/7
  2699 | D:3      | Identified a scroll of acquirement
  2699 | D:3      | Acquired 779 gold pieces
  2735 | D:4      | Killed from afar by an orc priest

Illustrated notes

Levels and vault maps discovered:
D:1:      dpeg_arrival_water_temple_mockup, layout_loops_ring,
          chequers_ecumenical_altar_simple_redux,
          hangedman_abyss_or_decor_stabs, chequers_serial_rivers_small_a,
          minmay_lizard_pond
D:2:      layout_loops_ring, minmay_3d_cube, uniq_robin
D:3:      layout_loops_corners, grunt_gozag_statues, minmay_liquid_box
D:4:      layout_basic, mainiacjoe_overflow_concentric_impassable,
          grunt_dithmenos_smoke, serial_shops, nicolae_shop_tiny_real_fake_doors

Skill      XL: |  1  2  3  4  5 |
---------------+----------------+-----
Invocations    | 1 2 |  2.0
Short Blades   | 1 |  1.7
Long Blades    | 1 |  1.7
Axes           | 1 |  1.7
Maces & Flails | 1 |  1.7
Polearms       | 1 |  1.7
Staves         | 1 |  1.7
Ranged Weapons | 1 |  1.7
Throwing       | 1 |  1.7
Armour         | 1 |  1.7
Stealth        | 1 |  1.7
Shields        | 1 |  1.7
Spellcasting   | 1 |  1.7
Evocations     | 1 |  1.7
Conjurations   | 1 |  1.3
Hexes          | 1 |  1.3
Summonings     | 1 |  1.3
Necromancy     | 1 |  1.3
Translocations | 1 |  1.3
Transmutations | 1 |  1.3
Fire Magic     | 1 |  1.3
Ice Magic      | 1 |  1.3
Air Magic      | 1 |  1.3
Earth Magic    | 1 |  1.3
Poison Magic   | 1 |  1.3
Fighting       | 3 |  3.1
Dodging        | |  4.9
Unarmed Combat | |  6.7
Shapeshifting  | |  6.6

Action                     |  1- 3 |  4- 6 || total
---------------------------+-------+-------++-------
  Melee: Unarmed           |    80 |   130 ||   210
         Bite              |    13 |    13 ||    26
    Use: Scroll            |       |     3 ||     3
 Armour: Animal skin       |    15 |    15 ||    30
  Dodge: Dodged            |    62 |    70 ||   132
   Form: Flux              |     1 |       ||     1

Table legend: (Time is in decaauts)
 A = Elapsed time spent in this place.
 B = Non-inter-level travel time spent in this place.
 C = Inter-level travel time spent in this place.
 D = Time resting spent in this place.
 E = Time spent auto-exploring this place.
 F = Levels seen in this place.
 G = Mean time per level.
                   A        B        C        D        E       F      G
               +--------+--------+--------+--------+--------+-----+--------+
         Total |   2711 |   2631 |     80 |      0 |   2224 |   4 |  677.8 |
       Dungeon |   2711 |   2631 |     80 |      0 |   2224 |   4 |  677.8 |
               +--------+--------+--------+--------+--------+-----+--------+

Top non-repeatable levels by time:
     D:3: 1027 daAuts
     D:2: 928 daAuts
     D:1: 724 daAuts
     D:4: 31 daAuts
